AoeStats
← cas

Arena

506238842Analyzed
2v2 RM · 20d ago on Sep 12, 2026· 62m 30s· 4 players
Game mode
Random Map
Map size
Medium (4 player)
Population
200
Speed
Normal
Resources
Standard
Victory
Conquest
Starting age
Dark Age
Ending age
Imperial Age
RankedLock teamsTeams togetherTeam positionsShared explorationLock speedFull tech treeHidden civsTurbo modeCheats
Victory
Defeat
🇲🇽 Bohemians · Mexico
906
+16
🇨🇱 Persians · Chile
877
+17
🇧🇷 Magyars · Brazil
904
-17
🇩🇪 Cumans · Germany
902
-16
juega
11:12 Feudal Age
12:25 Wheelbarrow
12:56 Loom
16:26 Castle Age
24:33 Pikeman
26:36 Double-Bit Axe
29:21 Hand Cart
28:49 Horse Collar
29:46 Stone Mining
31:16 Heavy Plow
32:48 Stone Shaft Mining
38:54 Imperial Age
36:28 Fletching
36:02 Crossbowman
37:01 Kamandaran
36:56 Gold Mining
37:17 Bodkin Arrow
37:35 Thumb Ring
38:40 Forging
39:27 Gold Shaft Mining
40:27 Iron Casting
39:19 Cavalier
43:05 Blast Furnace
42:27 Husbandry
42:38 Bloodlines
41:50 Light Cavalry
43:07 Bow Saw
44:02 Scale Barding Armor
44:19 Ballistics
45:00 Chemistry
43:44 Savar
43:58 Hussar
45:55 Chain Barding Armor
47:13 Plate Barding Armor
46:45 Murder Holes
48:18 Padded Archer Armor
49:02 Conscription
48:15 Sappers
48:58 Masonry
50:39 Leather Archer Armor
50:25 Scale Mail Armor
52:47 Citadels
53:16 Hoardings
59:10 Ring Archer Armor
58:56 Chain Mail Armor
58:55 Halberdier
59:35 Squires
59:21 Arson
59:22 Gambesons
61:01 Two-Man Saw
62:27 Architecture
62:55 Plate Mail Armor
leoned.cj
5:04 Loom
10:20 Feudal Age
17:06 Castle Age
15:36 Double-Bit Axe
16:19 Horse Collar
20:27 Coinage
27:01 Town Watch
29:04 Wheelbarrow
30:45 Hand Cart
33:10 Ballistics
33:33 Treadmill Crane
38:27 Imperial Age
38:30 Town Patrol
39:37 Conscription
40:07 Pikeman
40:47 Squires
42:43 Padded Archer Armor
42:34 Fletching
42:55 Forging
42:47 Scale Mail Armor
43:50 Chemistry
42:56 Siege Engineers
42:37 Halberdier
44:46 Masonry
44:47 Fortified Wall
45:55 Iron Casting
45:36 Leather Archer Armor
46:14 Banking
48:23 Guilds
48:14 Caravan
49:50 Blast Furnace
49:05 Chain Mail Armor
49:20 Ring Archer Armor
48:46 Bodkin Arrow
48:56 Scale Barding Armor
52:51 Architecture
52:36 Bow Saw
53:16 Plate Mail Armor
53:08 Elite Hussite Wagon
61:22 Two-Man Saw
61:51 Murder Holes
cas
7:17 Loom
10:40 Feudal Age
12:34 Man-at-Arms
15:48 Scale Mail Armor
19:33 Wheelbarrow
22:07 Double-Bit Axe
22:06 Horse Collar
25:12 Castle Age
23:51 Forging
24:10 Gold Mining
24:36 Bloodlines
26:26 Bow Saw
27:59 Heavy Plow
27:52 Stone Mining
28:31 Town Watch
29:21 Hand Cart
31:41 Imperial Age
30:25 Hand Cart
30:34 Fletching
30:51 Scale Barding Armor
32:12 Gold Shaft Mining
33:30 Cavalier
34:58 Iron Casting
39:17 Ballistics
43:18 Conscription
43:45 Elite Kipchak
44:11 Onager
44:20 Onager
44:42 Paladin
47:31 Chemistry
47:37 Two-Man Saw
47:32 Pikeman
48:13 Squires
48:34 Bodkin Arrow
48:41 Padded Archer Armor
48:57 Chain Mail Armor
49:42 Blast Furnace
49:05 Chain Barding Armor
48:22 Halberdier
60:07 Light Cavalry
Antonio Gold
5:21 Loom
8:33 Loom
10:18 Feudal Age
15:31 Castle Age
14:08 Double-Bit Axe
16:05 Scale Barding Armor
23:15 Horse Collar
24:57 Husbandry
26:38 Wheelbarrow
27:01 Bloodlines
28:57 Hand Cart
29:16 Fletching
43:46 Chain Barding Armor
45:38 Bow Saw
48:08 Imperial Age
48:28 Light Cavalry
49:12 Cavalier
50:09 Onager
51:53 Plate Barding Armor
51:04 Paladin
52:11 Capped Ram
52:19 Capped Ram
54:40 Hussar
57:17 Sanctity
59:05 Chemistry
58:26 Ballistics
Connection lost

Rejoining the realm…

Still unreachable

The connection could not be restored.

Session expired

The server has moved on; the page needs a fresh start.